Map: Radhuset Station LE

Players

SubN

  • Race: Zerg Zerg
  • League: Diamond
  • Spawn Location: 1:00

OoneO - Winner!

  • Race: Zerg Zerg
  • League: Diamond
  • Spawn Location: 7:00

VOD

Have the link to the VOD?

Description

Time

  • Played on: Jan. 15, 2024, 6:29 p.m.
  • Length: 8:03
Show
View Real Time Build Order
Export as new Build Order

SubN Zerg 

Build Orders: 3 Hatch before Pool 

Get SALT Encoding   

  12  0:00  Drone  
  13  0:12  Overlord  
  13  0:17  Drone  
  14  0:31  Drone  
  14  0:33  Drone  
  16  0:53  Drone, Hatchery  
  16  1:24  Hatchery  
  15  1:29  Drone x3  
  15  1:32  Extractor  
  17  1:45  Spawning Pool  
  16  1:49  Drone  
  17  1:55  Drone  
  18  2:02  Drone  
  19  2:08  Overlord  
  19  2:36  Spine Crawler  
  18  2:37  Spine Crawler  
  18  2:42  Zergling x10  
  22  3:17  Metabolic Boost  
  22  3:21  Overlord  
  22  3:30  Queen  
  24  3:40  Queen  
  26  3:47  Drone  
  26  3:48  Drone  
  28  3:51  Drone  
  28  3:54  Drone  
  30  3:58  Drone  
  30  4:01  Drone  
  32  4:04  Drone  
  32  4:08  Drone  
  34  4:15  Queen  
  36  4:24  Queen  
  36  4:27  Drone  
  36  4:28  Drone  
  36  4:30  Drone  
  41  4:33  Drone  
  41  4:35  Drone  
  43  4:44  Roach Warren  
  42  4:48  Drone x3  
  42  4:52  Drone x2  
  47  4:53  Drone  
  47  4:59  Lair  
  48  5:03  Overlord  
  48  5:07  Overlord  
  48  5:10  Overlord  
  48  5:13  Drone  
  49  5:17  Drone, Extractor  
  49  5:18  Drone  
  50  5:22  Drone  
  50  5:28  Drone x5  
  56  5:37  Evolution Chamber  
  56  5:42  Evolution Chamber  
  54  5:44  Drone x7  
  54  5:48  Extractor  
  60  5:50  Extractor  
  60  5:52  Drone x3  
  60  5:55  Drone x2  
  60  5:56  Drone  
  65  6:01  Drone x3  
  68  6:05  Zerg Missile Weapons Level 1  
  68  6:07  Glial Reconstitution  
  68  6:10  Drone x2  
  70  6:14  Extractor  
  70  6:15  Extractor  
  68  6:26  Drone x2  
  68  6:28  Drone x3  
  68  6:30  Drone  
  74  6:33  Overlord x3  
  74  6:34  Overlord  
  74  6:36  Overlord  
  74  6:52  Drone  
  74  6:53  Drone x5  
  80  6:59  Roach x3  
  85  7:02  Roach x2  
  85  7:03  Roach x4  
  85  7:07  Roach  
  95  7:12  Roach  
  96  7:16  Roach x2  
  98  7:25  Roach x2  
  98  7:26  Roach x3  
  106  7:51  Spore Crawler  
  106  7:52  Spore Crawler x3  
  106  7:53  Spore Crawler  
  106  7:54  Spore Crawler  
  106  7:56  Spore Crawler  
  106  7:57  Spore Crawler  
Show
View Real Time Build Order
Export as new Build Order

OoneO Zerg - Winner!

Build Orders: Pool First 

Get SALT Encoding   

  12  0:06  Drone  
  13  0:12  Overlord  
  13  0:17  Drone  
  14  0:30  Drone x2  
  16  0:39  Drone  
  17  0:46  Spawning Pool  
  16  0:51  Drone  
  17  1:12  Hatchery  
  17  1:16  Overlord  
  17  1:32  Zergling x2  
  17  1:33  Zergling x4  
  17  1:35  Queen  
  21  1:43  Drone  
  22  1:54  Drone  
  23  2:08  Drone  
  24  2:11  Queen  
  26  2:17  Drone  
  27  2:23  Queen  
  27  2:24  Overlord  
  27  2:26  Drone  
  30  2:38  Drone  
  30  2:39  Drone  
  32  2:45  Drone x3  
  36  2:51  Drone  
  36  2:52  Drone  
  36  2:57  Drone  
  36  2:58  Queen  
  39  3:06  Drone  
  40  3:13  Hatchery  
  40  3:17  Drone x2  
  41  3:23  Drone  
  41  3:26  Overlord  
  42  3:30  Drone  
  43  3:35  Spine Crawler  
  43  3:38  Evolution Chamber  
  41  3:44  Drone x5  
  46  3:48  Extractor  
  46  3:49  Extractor  
  46  3:51  Drone x2  
  46  3:52  Drone  
  47  4:04  Evolution Chamber  
  47  4:07  Drone x2  
  47  4:08  Drone x4  
  52  4:10  Overlord  
  52  4:20  Extractor  
  52  4:21  Extractor  
  52  4:22  Drone  
  52  4:23  Drone  
  52  4:24  Overlord x2  
  52  4:30  Hatchery  
  51  4:41  Lair  
  51  4:46  Drone x3  
  51  4:48  Overlord  
  54  5:01  Drone x6  
  54  5:02  Drone  
  54  5:05  Metabolic Boost  
  61  5:25  Overlord  
  61  5:29  Drone x6  
  61  5:30  Drone x2  
  61  5:32  Extractor  
  61  5:34  Drone x3, Extractor  
  70  5:42  Spire  
  69  5:44  Drone x3  
  69  5:48  Drone  
  73  6:07  Overlord  
  73  6:10  Zergling x2  
  76  6:11  Zergling x14  
  76  6:12  Zergling x18  
  76  6:13  Overlord  
  90  6:20  Drone x3  
  90  6:24  Queen  
  95  6:52  Roach Warren  
  94  6:54  Mutalisk  
  94  6:55  Mutalisk x11  
  94  6:56  Mutalisk  
  94  6:59  Overlord x2  
  114  7:08  Hatchery  
  114  7:12  Mutalisk  
  109  7:24  Mutalisk x4  
  115  7:30  Mutalisk  
  115  7:36  Mutalisk  
  114  7:38  Zergling x6, Overlord x2  
  114  7:39  Zergling x14  
  114  7:40  Zergling x2  
Tags
 
Add a new tag
Caveats
  • Supply blocks, unpowered buildings, or Contaminate may cause inaccurate times.
  • Supply counts are checked every 10 seconds.